 Dungeon Crawl Stone Soup version 0.21.1-1-g345015f (webtiles) character file.

101 shakethe the Skirmisher (level 4, -2/36 HPs)
             Began as a Demonspawn Fighter on Feb 17, 2018.
             Slain by a worm (4 damage)
             ... on level 2 of the Dungeon.
             The game lasted 00:02:17 (1388 turns).

shakethe the Skirmisher (Demonspawn Fighter)        Turns: 1388, Time: 00:02:18

Health: -2/36      AC:  6    Str: 16    XL:     4   Next: 48%
Magic:  4/4        EV:  6    Int:  9    God:
Gold:   61         SH:  9    Dex: 14    Spells: 3/3 levels left

rFire    . . .     SeeInvis .   a - +0 war axe
rCold    . . .     Gourm    .   c - +0 shield
rNeg     . . .     Faith    .   b - +0 scale mail
rPois    .         Spirit   .   (no helmet)
rElec    .         Reflect  .   (no cloak)
rCorr    .         Harm     .   (no gloves)
MR       .....                  (no boots)
Stlth    ..........             (no amulet)
HPRegen  0.12/turn              (no ring)
MPRegen  0.09/turn              (no ring)

@: no status effects
A: claws 1, rot immunity
a: no special abilities


You were on level 2 of the Dungeon.
You were hungry.

You visited 1 branch of the dungeon, and saw 2 of its levels.

You collected 61 gold pieces.

Inventory:

Hand Weapons
 a - a +0 war axe (weapon)
Armour
 b - a +0 scale mail (worn)
 c - a +0 shield (worn)
Scrolls
 e - 2 scrolls of teleportation {unknown}
 i - a scroll of remove curse {unknown}
 k - a scroll of amnesia {unknown}
 l - a scroll of identify {unknown}
 m - a scroll of enchant armour {unknown}
Potions
 d - a potion of might
 g - a potion of brilliance {unknown}
 h - a potion of magic {unknown}
 j - a potion of agility
Comestibles
 f - 5 rations


   Skills:
 + Level 3.6 Fighting
 - Level 2.2 Axes
 + Level 3.2 Armour
 + Level 3.2 Shields
 * Level 1.7 Unarmed Combat


You had 3 spell levels left.
You didn't know any spells.

Dungeon Overview and Level Annotations

Branches:
Dungeon (2/15)

Altars:
Fedhas
Okawaru


Innate Abilities, Weirdness & Mutations

You have sharp fingernails.
You are immune to rotting.


Message History

The orc shouts!
You block the worm's attack.
An orc comes into view. It is wielding a club.
You hit the worm but do no damage.
An adder comes into view.
You barely miss the worm. The worm bites you!
An orc comes into view. It is wielding a club.
You take 7 damage, and have 28/35 hp.
The orc shouts!
You slash the worm! The worm bites you!
An orc comes into view. It is wielding a hand axe.
You take 7 damage, and have 21/35 hp.
You are too injured to fight recklessly!
You are too injured to fight recklessly!
You are too injured to fight recklessly!
You are too injured to fight recklessly!
You are too injured to fight recklessly!
You are too injured to fight recklessly!
You are too injured to fight recklessly!
You are too injured to fight recklessly!
You are too injured to fight recklessly!
You are too injured to fight recklessly!
There are monsters nearby!
You are too injured to fight recklessly!
You barely miss the orc. The orc hits you with a falchion.
You take 1 damage, and have 20/35 hp.
You hit the orc. You block the orc's attack. x2
You closely miss the orc. The orc barely misses you.
You slash the orc!
You kill the orc!
You barely miss the adder. The adder barely misses you.
You block the adder's attack. You block the orc's attack.
You barely miss the orc. You barely miss the adder.
The adder bites you but does no damage. You block the orc's attack.
The adder bites you but does no damage.
An orc comes into view. It is wielding a dagger.
You block the adder's attack.
The adder bites you but does no damage. x2
You see here a ball python corpse.
You slash the orc!
You kill the orc!
You miss the adder. The adder bites you but does no damage.
You block the adder's attack.
A rat comes into view.
You slash the adder! You hit the orc. You block the adder's attack.
You block the orc's attack. The adder bites you but does no damage.
The orc hits you but does no damage. You block the rat's attack.
The adder barely misses you.
You closely miss the rat. You hit the adder. You closely miss the orc.
You block the adder's attack. The rat closely misses you.
The orc hits you with a club. You block the adder's attack. The rat bites you.
You take 1 damage, and have 21/35 hp.
You closely miss the rat. You hit the orc.
You kill the orc!
You closely miss the adder. The adder barely misses you. The rat bites you.
The adder bites you but does no damage.
You take 1 damage, and have 20/35 hp.
Your shield and scale mail prevent you from hitting the rat.
You closely miss the adder. You closely miss the orc.
You block the rat's attack. The adder bites you.
You are poisoned.
The adder poisons you! The orc hits you but does no damage.
The rat bites you but does no damage. The adder closely misses you.
The orc hits you with a hand axe.
You take 3 damage, and have 17/35 hp.
Your shield and scale mail prevent you from hitting the rat.
You closely miss the orc. You hit the adder.
You kill the adder!
You feel sick. The rat bites you but does no damage.
The orc hits you with a hand axe.
You take 4 damage, and have 13/36 hp.
You slash the rat!
You kill the rat!
You hit the orc.
You feel sick. The orc barely misses you.
You take 1 damage, and have 12/36 hp.
You feel sick. You block the orc's attack.
You take 1 damage, and have 11/36 hp.
You completely miss the orc. You block the orc's attack.
You feel sick.
You take 1 damage, and have 10/36 hp.
You feel sick.
You take 1 damage, and have 10/36 hp.
The orc shouts!
You hit the orc. You block the orc's attack.
You hit the orc.
You kill the orc!
You feel sick.
You take 1 damage, and have 9/36 hp.
Your shield and scale mail prevent you from hitting the worm.
The worm bites you.
* * * LOW HITPOINT WARNING * * *
You take 2 damage, and have 8/36 hp.
You slash the worm!
You feel sick.
You are no longer poisoned.
The worm bites you.
* * * LOW HITPOINT WARNING * * *
You take 6 damage, and have 2/36 hp.
Your shield prevents you from hitting the worm.
The worm bites you.
You die...

####### #.....##
#.._...# #..8...##
#.._....######
#............###
##.#...........#
#@#.#...###....
#w#.#..## #.# #o#.#..#
#.# #.#.#..######.###
######.#.............##
#......................
#.##.#.#.#..#####.##...
###....†......# #.#####
#....#.#..##.## ##.# #


You could see a worm and an orc.

Vanquished Creatures
  Jessica (D:2)
  3 adders (D:2)
  A leopard gecko (D:2)
  4 orcs (D:2)
  4 bats
  3 giant cockroaches
  2 goblins
  8 hobgoblins
  4 jackals
  A kobold (D:1)
  2 ball pythons (D:2)
  A frilled lizard (D:2)
  8 rats
42 creatures vanquished.

Notes
Turn   | Place    | Note
-------+----------+-------------------------------------------
     0 | D:1      | shakethe the Demonspawn Fighter began the quest for the Orb.
     0 | D:1      | Reached XP level 1. HP: 18/18 MP: 1/1
    96 | D:1      | Reached skill level 2 in Axes
   140 | D:1      | Gained mutation: You have sharp fingernails. [demonic ancestry]
   140 | D:1      | Reached XP level 2. HP: 24/24 MP: 2/2
   909 | D:2      | Reached XP level 3. HP: 24/29 MP: 3/3
   962 | D:2      | Reached skill level 3 in Shields
   968 | D:2      | Noticed Jessica
   986 | D:2      | Killed Jessica
   986 | D:2      | Reached skill level 3 in Armour
   986 | D:2      | Reached skill level 1 in Unarmed Combat
  1002 | D:2      | Gained mutation: You are immune to rotting. [demonic ancestry]
  1002 | D:2      | Reached XP level 4. HP: 18/35 MP: 4/4
  1288 | D:2      | Found an iron altar of Okawaru.
  1291 | D:2      | Found a blossoming altar of Fedhas.
  1383 | D:2      | HP: 9/36 [poisoned by an adder]
  1387 | D:2      | HP: 2/36 [worm (5)]
  1388 | D:2      | Slain by a worm

Skill      XL: |  1  2  3 |
---------------+----------+-----
Axes           | 2 |  2.2
Shields        | 3 |  3.2
Armour         | 3 |  3.2
Unarmed Combat | 1 |  1.7
Fighting       | |  3.6

Action                   |  1- 3 |  4- 6 || total
-------------------------+-------+-------++-------
Melee: War axe           |    88 |    30 ||   118
  Eat: Chunk             |       |     1 ||     1
Armor: Scale mail        |    49 |    11 ||    60
Dodge: Dodged            |    25 |     9 ||    34
Block: Shield            |    38 |    23 ||    61

Vault maps used:
D:1:      matt_arrival_los_fun, serial_bayou_pond_b, minmay_misc_feat_tiny
D:2:      chequers_temple_overflow_statue_of_worship, item_on_display_a,
          uniq_jessica, uniq_terence

Table legend:
 A = Turns spent in this place as a percentage of turns spent in the entire game.
 B = Non-inter-level travel turns spent in this place as a percentage of non-inter-level travel turns spent in the entire game.
 C = Inter-level travel turns spent in this place as a percentage of turns spent in this place.
 D = Turns resting spent in this place as a percentage of non-inter-level travel turns spent in this place.
 E = Turns spent auto-exploring this place as a percentage of non-inter-level travel turns spent in this place.
 F = Non-inter-level travel turns spent in this place divided by the number of levels of this place that you've seen.
                   A       B       C       D       E      F
               +-------+-------+-------+-------+-------+----------------------
         Total | 100.0 | 100.0 |   0.0 |  13.1 |  62.0 | 694.0
       Dungeon | 100.0 | 100.0 |   0.0 |  13.1 |  62.0 | 694.0
               +-------+-------+-------+-------+-------+----------------------

Table legend:
 A = Kills in this place as a percentage of kills in entire the game.
 B = Kills by you in this place as a percentage of kills by you in the entire game.
 C = Kills by friends in this place as a percentage of kills by friends in the entire game.
 D = Other kills in this place as a percentage of other kills in the entire game.
 E = Experience gained in this place as a percentage of experience gained in the entire game.
 F = Experience gained in this place divided by the number of levels of this place that you have seen.
                   A       B       C       D       E      F
               +-------+-------+-------+-------+-------+----------------------
         Total | 100.0 | 100.0 |   N/A |   N/A | 100.0 |  72.5
       Dungeon | 100.0 | 100.0 |   N/A |   N/A | 100.0 |  72.5
               +-------+-------+-------+-------+-------+----------------------
